 Dungeon Crawl Stone Soup version 0.15.2 (webtiles) character file.

188626 glosham the Alchemist (level 18, -11/138 HPs)
             Began as a Vine Stalker Healer on Feb 11, 2016.
             Was a High Priest of Okawaru.
             Blown up by an orb spider (30 damage)
             ... with an orb of destruction
             ... on Level 5 of the Spider Nest on Feb 13, 2016.
             The game lasted 13:00:27 (33846 turns).

glosham the Alchemist (Vine Stalker Healer)        Turns: 33846, Time: 13:00:28

HP -11/138       AC 16     Str 31      XL: 18   Next: 55%
MP   0/39        EV 11     Int 17      God: Okawaru [*****.]
Gold 1652        SH  0     Dex 15      Spells: 11 memorised,  8 levels left

rFire  + + +     SeeInvis +       - Unarmed
rCold  . . .     Clarity  .     X - melded +2 leather armour {rPois}
rNeg   . . .     rCorr    .     (shield currently unavailable)
rPois  +         rRot     +     U - melded +0 helmet
rElec  .         Spirit   +     Y - melded +2 cloak
SustAb .         Warding  .     V - melded +2 pair of gloves {Str+3}
rMut   .         Stasis   .     W - melded +2 pair of boots
Gourm  .                        z - amulet of Impatience {+Rage rF+ MR++ SInv}
MR     ++++.                    B - +4 ring of intelligence
                                A - ring of protection from cold

@: dragon-form (expiring), heroism, flying, very slightly contaminated,
incredibly resistant to hostile enchantments, unstealthy
A: (fangs 0), regeneration 3, magic shield, (antimagic bite), no device heal 3,
rot immunity
a: End Transformation, Heroism, Finesse, Renounce Religion, Breathe Fire, Evoke
Berserk Rage


You were on level 5 of the Spider Nest.
You worshipped Okawaru.
Okawaru was extremely pleased with you.
You were not hungry.
You were a fearsome dragon!
You visited 5 branches of the dungeon, and saw 33 of its levels.
You also visited: Ice Cave.

You collected 5108 gold pieces.
You spent 3456 gold pieces at shops.

Inventory:

Hand weapons
 a - the +8 bow of Krishna "Sharnga" {speed, Dex+3 SInv}
   (You found it on level 1 of the Elven Halls)

   Attacks with this weapon are significantly faster.
   It affects your dexterity (+3).
   It enhances your eyesight.
Missiles
 b - 536 arrows
 L - 10 arrows of dispersal
Armour
 M - a cursed +0 leather armour
 O - the +1 cloak of the Lair of Beasts {rElec rF+ rC+ Int+1, unknown}
   (Okawaru gifted it to you on level 5 of the Spider Nest)

   It affects your intelligence (+1).
   It protects you from fire.
   It protects you from cold.
   It insulates you from electricity.
 Q - the +1 buckler of Cuajitt {+Inv rC+ rN+, unknown}
   (Okawaru gifted it to you on level 4 of the Spider Nest)

   It protects you from cold.
   It protects you from negative energy.
   It lets you turn invisible.
 R - a +0 shield of reflection
 U - a +0 helmet (melded)
 V - a +2 pair of gloves of strength (melded)
 W - a +2 pair of boots (melded)
 X - a +2 leather armour of poison resistance (melded)
 Y - a +2 cloak (melded)
 Z - a +2 ring mail of positive energy
Magical devices
 g - a wand of teleportation (2)
 h - a wand of digging (10)
 i - a wand of disintegration (9)
 j - a wand of fire (4)
 E - a wand of paralysis (2)
 P - a wand of enslavement (17)
 T - a wand of disintegration (6)
Comestibles
 F - a meat ration
 H - 19 bread rations
Scrolls
 c - 9 scrolls of immolation
 k - 16 scrolls of teleportation
 l - 3 scrolls of blinking
 m - 3 scrolls of fog
 n - 5 scrolls of fear
 o - 8 scrolls of remove curse
 p - 2 scrolls of summoning
 q - 7 scrolls of recharging
 w - 2 scrolls of silence {!r}
 K - a scroll of amnesia
Jewellery
 x - an uncursed amulet of warding
 y - an uncursed amulet of resist corrosion
 z - the amulet of Impatience (around neck) {+Rage rF+ MR++ SInv}
   (You found it on level 14 of the Dungeon)

   [amulet of rage]

   It protects you from fire.
   It affects your resistance to hostile enchantments.
   It enhances your eyesight.
   It lets you go berserk.
 A - a ring of protection from cold (left foreclaw)
 B - a +4 ring of intelligence (right foreclaw)
 D - an uncursed ring of fire
 N - an uncursed ring of positive energy
 S - an uncursed ring of sustain abilities
Potions
 d - a potion of lignification
 r - 15 potions of curing
 s - a potion of haste
 t - 4 potions of brilliance
 u - 8 potions of agility
 v - a potion of invisibility
 I - 2 potions of might
 J - 2 potions of flight
Books
 G - a book of Alchemy

   Spells                             Type                      Level
   *Sublimation of Blood              Necromancy                   2
   Alistair's Intoxication            Transmutation/Poison         4
   Condensation Shield                Ice                          4
   *Petrify                           Transmutation/Earth          4
   *Ignite Poison                     Fire/Transmutation           5
Magical staves
 e - an uncursed staff of air
Miscellaneous
 f - a fan of gales
 C - a stone of tremors


   Skills:
 - Level 9.3(14.3) Fighting
 - Level 6.7(11.7) Bows
 - Level 2.0(7.0) Armour
 - Level 5.8(10.8) Dodging
 - Level 4.1(9.1) Stealth
 - Level 5.0(10.0) Shields
 - Level 14.5(19.5) Unarmed Combat
 * Level 14.5 Spellcasting
 + Level 3.5 Necromancy
 + Level 3.3 Translocations
 - Level 17.0 Transmutations
 - Level 7.0 Invocations
 - Level 7.0 Evocations


You had 8 spell levels left.
You knew the following spells:

 Your Spells              Type           Power        Failure   Level  Hunger
a - Apportation           Tloc           ###.......   1%          1    None
b - Blink                 Tloc           N/A          2%          2    None
c - Sticks to Snakes      Trmt           ######....   0%          2    None
f - Flight                Chrm/Air       ##........   17%         3    None
m - Sublimation of Blood  Necr           ###.......   1%          2    None
p - Petrify               Trmt/Erth      #####...     1%          4    #......
x - Blade Hands           Trmt           ######....   1%          5    ###....
C - Ice Form              Ice/Trmt       #####...     1%          4    #......
D - Dragon Form           Trmt           ######....   4%          7    #######
F - Ignite Poison         Fire/Trmt      #####.....   6%          5    ###....
P - Spider Form           Trmt/Pois      #####.....   1%          3    None


Dungeon Overview and Level Annotations

Branches:
Dungeon (15/15)            Temple (0/1) D:6             Orc (4/4) D:9
    Elf (1/3) Orc:4          Lair (8/8) D:10         Shoals (0/5) Lair:6
 Spider (5/5) Lair:6        Slime (0/6) Lair:6       Vaults (0/5) D:13
 Depths (0/5) D:15

Altars:
Cheibriados
Elyvilon
Makhleb
Okawaru
Trog
Vehumet
Xom
The Shining One
Beogh
Jiyva

Shops:
D:11 :   D:14 *   Orc:2 (   Orc:4 :?%?

Annotations:
Orc:4 gold mine


Innate Abilities, Weirdness & Mutations

((You have razor-sharp teeth.))
You regenerate.
When hurt, damage is shared between your health and your magic reserves.
((Your bite disrupts and absorbs the magic of your enemies.))
Potions and wands cannot restore your health.
You are immune to rotting.


Message History

The wolf spider hits you! The wolf spider misses you.
You claw the emperor scorpion! Your bite misses the emperor scorpion.
The emperor scorpion is severely wounded.
The wolf spider hits you but does no damage.
The wolf spider bites you but does no damage.
The emperor scorpion stings you!! The emperor scorpion misses you.
The emperor scorpion closely misses you.
You maul the emperor scorpion!!!
You kill the emperor scorpion!
Okawaru accepts your kill.
The orb spider is no longer petrified.
The wolf spider hits you but does no damage.
The wolf spider bites you.
You completely miss the wolf spider.
You tail-slap the wolf spider, but do no damage.
You bite the wolf spider.
The wolf spider is lightly wounded.
The wolf spider hits you.
The wolf spider bites you but does no damage.
You hit the wolf spider. You bite the wolf spider.
The wolf spider is lightly wounded.
The wolf spider hits you!
* * * LOW HITPOINT WARNING * * *
The wolf spider bites you!
* * * LOW HITPOINT WARNING * * *
You maul the wolf spider!!!
You kill the wolf spider!
Okawaru accepts your kill.
The orb spider weaves a glowing orb of energy. 2 jumping spiders come into view.
A wolf spider and an emperor scorpion come into view.
Your transformation is almost over.
The wolf spider hisses angrily.
Read which item? (? for menu, Esc to quit)
As you read the scroll of fear, it crumbles to dust.
You assume a fearsome visage.
The jumping spider looks frightened!
The wolf spider looks frightened!
The orb of destruction is unaffected.
The jumping spider looks frightened!
The emperor scorpion looks frightened!
The orb spider looks frightened!
The orb of destruction hits you!
You die...

...
.^.^..... #
..≈#...ss.
##
..#≈ss..# .
#.
.......#.
#. #^...s.^
#. #....§#
## #^..§§##
# #^.D%..##
#
##^....^^#
###
#≈^^%....#
#.#
#≈.....≈.#
#..
#......^##
#..
#.......#
#..
#^.....##
#..
#^#.#..#
#..
####....^##
###


You could see an emperor scorpion (fleeing), a wolf spider (fleeing), an orb
spider (fleeing) and 2 jumping spiders.

Vanquished Creatures
  Mara (Spider:5)
  Arachne (Spider:4)
  Agnes (Spider:4)
  Kirke (Spider:5)
  Donald (Spider:4)
  An orc warlord (Orc:4)
  6 ghost moths
  Maud (Lair:7)
  A frost giant (IceCv)
  2 emperor scorpions (Spider:5)
  A ghoul (D:15)
  The ghost of magipi the Severer, a powerful VSBe of Trog (Spider:3)
  A vault guard (D:13)
  6 centaur warriors
  Fannar (Lair:5)
  2 hydras
  Nessos (D:13)
  Erica (Lair:7)
  8 death yaks
  Urug (D:10)
  3 orc high priests (Orc:4)
  A catoblepas (Lair:6)
  3 deep elf knights (Elf:1)
  12 spriggans (Lair:8)
  The ghost of glosham the Cleaver, an experienced GrHe of Cheibriados (D:8)
  3 skeletal warriors (D:15)
  19 orb spiders
  2 ice statues
  5 hill giants
  4 deep elf summoners (Elf:1)
  4 orc knights (Orc:4)
  A lindwurm (Spider:5)
  A wolf spider zombie (D:15)
  7 deep elf conjurers (Elf:1)
  24 wolf spiders
  2 oklob plants
  8 red wasps
  6 ugly things
  5 orc sorcerers
  6 wizards
  A necromancer (D:15)
  2 griffons
  9 cyclopes
  3 manticores
  7 elephants
  2 feature mimics
  3 moths of wrath
  A naga mage (D:15)
  4 centaur zombies (D:15)
  3 black mambas
  3 torpor snails
  3 fire drakes
  Psyche (D:11)
  A centaur skeleton (D:15)
  14 demonic crawlers
  8 komodo dragons
  16 spiny frogs
  2 gargoyles (D:12)
  3 kobold demonologists
  5 deep elf priests (Elf:1)
  An iron devil (Orc:4)
  6 trolls
  25 polar bears
  2 spriggan druids (Lair:8)
  2 catoblepas zombies (D:15)
  2 two-headed ogres
  4 slime creatures
  6 boulder beetles
  31 jumping spiders
  2 freezing wraiths
  7 wyverns
  21 trapdoor spiders
  19 blink frogs
  A centaur simulacrum (D:15)
  23 tarantellas
  3 basilisks
  71 yaks
  A shadow (D:11)
  63 redbacks
  19 humans
  3 hungry ghosts
  5 deep elf magi
  6 deep elf fighters (Elf:1)
  5 hippogriffs
  33 wolves
  3 wargs
  A hill giant skeleton (D:15)
  Edmund (Orc:1)
  4 vampire mosquitoes (D:14)
  19 water moccasins
  A hydra simulacrum (D:15)
  A soldier ant (D:12)
  3 phantoms
  9 black bears
  64 spiders
  5 yellow wasps
  9 porcupines
  8 ice beasts
  An elf zombie (D:15)
  2 necrophages
  9 centaurs
  A sky beast (D:7)
  3 boggarts (D:13)
  31 orc warriors
  10 ogres
  Sigmund (D:5)
  Duvessa (D:8)
  11 crocodiles
  A big kobold (D:11)
  Blork the orc (D:8)
  A brain worm (Lair:5)
  A cyclops zombie (D:15)
  A gnoll sergeant (D:9)
  21 giant frogs
  A tengu simulacrum (D:12)
  A troll zombie (D:13)
  A cyclops skeleton (D:11)
  11 scorpions
  13 killer bees
  A troll skeleton (D:8)
  4 wights
  3 goliath beetles
  Dowan (D:8)
  8 crimson imps
  5 jellies
  17 hounds
  33 orc priests
  A two-headed ogre skeleton (D:13)
  A black bear skeleton (D:6)
  12 iguanas
  42 orc wizards
  An ogre zombie (D:6)
  10 worker ants
  21 sheep
  An ogre skeleton (D:4)
  44 green rats
  27 adders
  19 gnolls
  2 shadow imps
  2 white imps (Lair:3)
  3 worms
  6 giant mites
  An adder skeleton (D:4)
  An iguana skeleton (D:4)
  7 giant geckos
  An ooze (D:1)
  205 orcs
  A ball python (D:3)
  20 bats
  A bat zombie (D:5)
  8 giant cockroaches
  15 goblins
  24 hobgoblins
  24 jackals
  12 quokkas
  9 giant newts
  2 giant spores
  A hobgoblin zombie (D:5)
  22 kobolds
  12 rats
  3 ballistomycetes
  4 fungi
  2 plants
1498 creatures vanquished.

Vanquished Creatures (collateral kills)
  A hydra (Lair:8)
1 creature vanquished.

Vanquished Creatures (others)
  5 humans (Spider:5)
  A crimson imp (D:6)
  A hound (D:6)
  A quokka (D:6)
  3 fungi
  2 plants
13 creatures vanquished.

Grand Total: 1512 creatures vanquished

Notes
Turn   | Place    | Note
--------------------------------------------------------------
     0 | D:1      | glosham, the Vine Stalker Healer, began the quest for the Orb.
     0 | D:1      | Reached XP level 1. HP: 9/9 MP: 1/1
   327 | D:1      | Reached skill level 1 in Unarmed Combat
   426 | D:1      | Reached XP level 2. HP: 14/14 MP: 3/3
   630 | D:1      | Reached skill level 1 in Fighting
   670 | D:1      | Reached skill level 2 in Unarmed Combat
   844 | D:1      | Reached XP level 3. HP: 18/18 MP: 5/5
  1561 | D:2      | Reached skill level 3 in Unarmed Combat
  1672 | D:1      | Reached XP level 4. HP: 22/22 MP: 6/6
  1963 | D:2      | Reached skill level 2 in Fighting
  1963 | D:2      | Reached XP level 5. HP: 26/26 MP: 7/9
  2059 | D:2      | Found a bloodstained altar of Trog.
  2086 | D:2      | Reached skill level 4 in Unarmed Combat
  2542 | D:3      | Gained mutation: You heal very quickly. [vine stalker growth]
  2542 | D:3      | Reached XP level 6. HP: 23/32 MP: 10/10
  2677 | D:3      | Reached skill level 5 in Unarmed Combat
  3220 | D:3      | Found a glowing golden altar of the Shining One.
  3548 | D:4      | Reached skill level 6 in Unarmed Combat
  3556 | D:5      | Entered Level 5 of the Dungeon
  3569 | D:5      | Reached XP level 7. HP: 35/35 MP: 11/11
  3670 | D:4      | Found a radiant altar of Vehumet.
  3670 | D:4      | Found an iron altar of Okawaru.
  3671 | D:4      | Found a bloodstained altar of Trog.
  3677 | D:4      | Fell from the grace of Elyvilon
  3677 | D:4      | Became a worshipper of Warmaster Okawaru
  3867 | D:4      | Reached skill level 7 in Unarmed Combat
  4247 | D:4      | Acquired Okawaru's first power
  4247 | D:4      | Reached skill level 3 in Fighting
  4626 | D:5      | Noticed Sigmund
  4650 | D:5      | Killed Sigmund
  4845 | D:5      | Reached skill level 8 in Unarmed Combat
  4845 | D:5      | Gained mutation: You have razor-sharp teeth. [vine stalker growth]
  4845 | D:5      | Reached XP level 8. HP: 23/40 MP: 6/14
  5305 | D:6      | Reached skill level 9 in Unarmed Combat
  5470 | D:6      | Found a staircase to the Ecumenical Temple.
  5651 | D:6      | Found a shimmering altar of Xom.
  5652 | D:6      | Got an ancient long sword
  5653 | D:6      | Identified the cursed +0 long sword of Pnoiz {drain, rC+ SInv Stlth++} (You found it on level 6 of the Dungeon)
  5715 | D:6      | Reached skill level 10 in Unarmed Combat
  5849 | D:7      | Reached XP level 9. HP: 44/44 MP: 15/15
  6313 | D:7      | Reached skill level 4 in Fighting
  6322 | D:7      | Reached skill level 11 in Unarmed Combat
  6445 | D:8      | Noticed Dowan
  6468 | D:8      | Killed Dowan
  6468 | D:8      | Reached skill level 2 in Dodging
  6477 | D:8      | Noticed Duvessa
  6486 | D:8      | Killed Duvessa
  6591 | D:8      | Noticed Blork the orc
  6667 | D:8      | Killed Blork the orc
  6693 | D:8      | Reached skill level 3 in Dodging
  6710 | D:8      | Reached skill level 12 in Unarmed Combat
  6857 | D:8      | Reached XP level 10. HP: 25/51 MP: 13/17
  6901 | D:8      | Noticed glosham's ghost (experienced GrHe)
  6916 | D:8      | Killed glosham's ghost
  7074 | D:8      | Reached skill level 1 in Evocations
  7160 | D:8      | Reached skill level 2 in Evocations
  7451 | D:9      | Reached skill level 3 in Evocations
  7558 | D:10     | Entered Level 10 of the Dungeon
  7668 | D:9      | Found a staircase to the Orcish Mines.
  7745 | D:9      | Reached skill level 4 in Evocations
  7892 | D:9      | Reached skill level 5 in Evocations
  7903 | D:9      | Reached skill level 6 in Evocations
  7922 | D:9      | Found a burning altar of Makhleb.
  7933 | D:9      | Acquired Okawaru's second power
  8140 | D:9      | Found a roughly hewn altar of Beogh.
  8202 | D:9      | Found a snail-covered altar of Cheibriados.
  8468 | D:10     | Reached skill level 7 in Evocations
  8468 | D:10     | Reached XP level 11. HP: 54/54 MP: 23/23
  8475 | D:10     | Noticed Urug
  8503 | D:10     | Reached skill level 5 in Fighting
  8521 | D:10     | Killed Urug
  8521 | D:10     | Reached skill level 13 in Unarmed Combat
  8659 | D:10     | Reached skill level 1 in Spellcasting
  8731 | D:10     | Found a staircase to the Lair.
  8742 | D:10     | Reached skill level 2 in Spellcasting
  8826 | D:10     | Learned a level 3 spell: Spider Form
  9147 | D:10     | Reached skill level 1 in Transmutations
  9200 | Lair:1   | Entered Level 1 of the Lair of Beasts
  9295 | Lair:1   | Reached skill level 2 in Transmutations
  9404 | Lair:1   | Learned a level 5 spell: Blade Hands
  9415 | Lair:1   | Reached skill level 3 in Transmutations
  9510 | Lair:1   | Found a glowing golden altar of the Shining One.
  9661 | Lair:1   | Reached skill level 3 in Spellcasting
  9723 | Lair:1   | Received a gift from Okawaru
  9779 | Lair:1   | Reached skill level 4 in Transmutations
 10150 | Lair:2   | Reached skill level 5 in Transmutations
 10199 | Lair:2   | Reached skill level 4 in Spellcasting
 10225 | Lair:2   | Noticed a seven-headed hydra
 10233 | Lair:2   | Killed a seven-headed hydra
 10235 | Lair:2   | Received a gift from Okawaru
 10281 | Lair:2   | Reached skill level 6 in Transmutations
 10381 | Lair:2   | Reached skill level 7 in Transmutations
 10778 | Lair:1   | Learned a level 4 spell: Ice Form
 10781 | Lair:1   | Learned a level 2 spell: Sticks to Snakes
 10783 | Lair:1   | Learned a level 1 spell: Beastly Appendage
 10903 | D:7      | Gained mutation: You regenerate. [vine stalker growth]
 10903 | D:7      | Reached XP level 12. HP: 45/60 MP: 18/25
 11318 | Lair:3   | Reached skill level 5 in Spellcasting
 11391 | Lair:3   | Reached skill level 8 in Transmutations
 11538 | Lair:3   | Reached skill level 9 in Transmutations
 12098 | Lair:3   | Identified Iskenderun's Volume of Battle Magic (You found it on level 3 of the Lair of Beasts)
 12513 | Lair:4   | Reached skill level 10 in Transmutations
 12582 | Lair:4   | Reached skill level 6 in Spellcasting
 12663 | Lair:4   | Received a gift from Okawaru
 12664 | Lair:4   | Got a silk robe {god gift}
 12675 | Lair:4   | Found a hole to the Spider Nest.
 12686 | Lair:4   | the hole to the Spider Nest was a mimic.
 12752 | Lair:3   | Identified the +1 robe of the Peasants {+Blink rElec SInv Stlth+} (Okawaru gifted it to you on level 4 of the Lair of Beasts)
 12939 | Lair:4   | Noticed a four-headed hydra
 12958 | Lair:4   | Killed a four-headed hydra
 12958 | Lair:4   | Reached skill level 11 in Transmutations
 13406 | Orc:1    | Entered Level 1 of the Orcish Mines
 13804 | Orc:2    | Found a frozen archway.
 13855 | IceCv    | Entered an ice cave
 13869 | IceCv    | Reached skill level 1 in Armour
 13869 | IceCv    | Reached skill level 1 in Shields
 13869 | IceCv    | Reached XP level 13. HP: 55/63 MP: 22/29
 13905 | IceCv    | Reached skill level 2 in Shields
 13909 | IceCv    | Got a distressingly furry leather armour
 13926 | IceCv    | Reached skill level 2 in Armour
 13938 | IceCv    | Reached skill level 3 in Shields
 13966 | IceCv    | Noticed a death yak
 13974 | IceCv    | Killed a death yak
 13974 | IceCv    | Reached skill level 4 in Shields
 14066 | IceCv    | Reached skill level 5 in Shields
 14141 | IceCv    | Reached skill level 6 in Fighting
 14224 | IceCv    | Noticed a death yak
 14224 | IceCv    | Noticed a frost giant
 14250 | IceCv    | Killed a death yak
 14257 | IceCv    | Reached skill level 7 in Fighting
 14266 | IceCv    | Killed a frost giant
 14349 | Orc:1    | Identified the +0 leather armour of the Sunfish {Str+4 Int+2} (You found it in an ice cave)
 14490 | Orc:2    | Found Ewkuufou's Weapon Emporium.
 14708 | Orc:2    | Received a gift from Okawaru
 14720 | Orc:2    | Got a fabulously ornate robe {god gift}
 14748 | Orc:2    | Identified the -5 robe of Misfortune {-Cast Contam *Tele EV-4 Str-2 Dex-2 Int-2 Stlth-- Curse} (Okawaru gifted it to you on level 2 of the Orcish Mines)
 15177 | Orc:1    | Noticed Edmund
 15182 | Orc:1    | Killed Edmund
 15454 | Orc:3    | Found a bloodstained altar of Trog.
 15687 | Orc:3    | Reached skill level 8 in Fighting
 16225 | Lair:5   | Reached skill level 7 in Spellcasting
 16254 | Lair:5   | Reached skill level 3 in Invocations
 16264 | Lair:5   | Noticed Fannar
 16337 | Lair:5   | Killed Fannar
 16337 | Lair:5   | Reached skill level 4 in Dodging
 16867 | Lair:5   | Reached skill level 4 in Invocations
 16905 | Lair:5   | Reached XP level 14. HP: 62/73 MP: 26/31
 17148 | Lair:5   | Reached skill level 8 in Spellcasting
 17160 | Lair:5   | Reached skill level 5 in Invocations
 17259 | Lair:5   | Reached skill level 12 in Transmutations
 17489 | Lair:6   | Reached skill level 1 in Stealth
 17575 | Lair:6   | Found a hole to the Spider Nest.
 17586 | Lair:6   | Reached skill level 2 in Stealth
 17647 | Lair:6   | Found a staircase to the Shoals.
 17658 | Lair:6   | Reached skill level 6 in Invocations
 17664 | Lair:6   | Reached skill level 3 in Stealth
 17769 | Lair:6   | Found a white marble altar of Elyvilon.
 17821 | Lair:6   | Received a gift from Okawaru
 17863 | Lair:6   | Reached skill level 4 in Stealth
 18185 | Lair:6   | Reached skill level 7 in Invocations
 18194 | Lair:6   | Found a viscous altar of Jiyva.
 18194 | Lair:6   | Found a staircase to the Slime Pits.
 18273 | Lair:6   | HP: 2/73 [boulder beetle (23)]
 18567 | Lair:7   | Received a gift from Okawaru
 18603 | Lair:7   | Noticed Erica
 18646 | Lair:7   | Noticed Maud
 18659 | Lair:7   | Killed Maud
 18697 | Lair:7   | Killed Erica
 19340 | Lair:7   | Reached skill level 5 in Dodging
 19468 | Lair:8   | Entered Level 8 of the Lair of Beasts
 19931 | Lair:8   | Reached skill level 14 in Unarmed Combat
 20203 | Lair:8   | Reached XP level 15. HP: 78/78 MP: 24/32
 20252 | Lair:8   | Reached skill level 9 in Fighting
 20259 | Lair:8   | Received a gift from Okawaru
 20768 | D:11     | Noticed Psyche
 20776 | D:11     | Killed Psyche
 20787 | D:11     | Found Threucavi's Book Shoppe.
 20813 | D:11     | Bought a book of the Dragon for 1260 gold pieces
 20822 | D:11     | Learned a level 7 spell: Dragon Form
 20826 | D:11     | Learned a level 3 spell: Flight
 21764 | D:12     | Found a staircase to the Orcish Mines.
 21794 | D:12     | the staircase to the Orcish Mines was a mimic.
 22052 | D:12     | Got a faintly glowing chain mail
 22311 | D:12     | Reached skill level 13 in Transmutations
 22319 | D:12     | Received a gift from Okawaru
 22457 | D:12     | Identified the +0 chain mail of Aluthiek {rF+ Str+2} (You found it on level 12 of the Dungeon)
 23692 | D:13     | Noticed Nessos
 23722 | D:13     | Killed Nessos
 23955 | D:13     | Reached skill level 14 in Transmutations
 23973 | D:13     | Found a gate to the Vaults.
 24347 | D:14     | Reached XP level 16. HP: 84/84 MP: 30/33
 24349 | D:14     | Reached skill level 9 in Spellcasting
 24388 | D:14     | Learned a level 5 spell: Ignite Poison
 24472 | D:14     | Got a fine ruby amulet
 24503 | D:14     | Found Gaunkeam's Assorted Antiques.
 24506 | D:14     | Bought a curved glowing staff for 288 gold pieces
 24506 | D:14     | Bought a scroll of identify for 48 gold pieces
 24506 | D:14     | Bought a copper ring for 120 gold pieces
 24506 | D:14     | Bought a scroll labeled SEUHECUCUN for 24 gold pieces
 24510 | D:14     | Identified the amulet of Impatience {+Rage rF+ MR++ SInv} (You found it on level 14 of the Dungeon)
 25229 | Orc:4    | Entered Level 4 of the Orcish Mines
 25292 | Orc:4    | Found a staircase to the Elven Halls.
 25931 | Orc:4    | Received a gift from Okawaru
 26278 | Orc:4    | Received a gift from Okawaru
 26279 | Orc:4    | Got a fine plate armour {god gift}
 26357 | Orc:4    | Reached skill level 10 in Spellcasting
 26372 | Orc:4    | Found Ysmuwafoa's Book Shoppe.
 26377 | Orc:4    | Found Xyfesije's Magic Scroll Shop.
 26381 | Orc:4    | Found Weco's Food Shop.
 26422 | Orc:4    | Found Twip's Magic Scroll Shoppe.
 26592 | Orc:4    | Bought a scroll of recharging for 152 gold pieces
 26592 | Orc:4    | Bought a scroll of silence for 120 gold pieces
 26592 | Orc:4    | Bought a scroll of identify for 32 gold pieces
 26603 | Orc:4    | Bought a scroll of identify for 28 gold pieces
 26603 | Orc:4    | Bought a scroll of identify for 28 gold pieces
 26603 | Orc:4    | Bought a scroll of recharging for 133 gold pieces
 26603 | Orc:4    | Bought a scroll of enchant armour for 105 gold pieces
 26603 | Orc:4    | Bought a scroll of recharging for 133 gold pieces
 26604 | Orc:4    | Bought a scroll of fog for 28 gold pieces
 26604 | Orc:4    | Bought a scroll of blinking for 105 gold pieces
 26684 | Orc:4    | Identified the +0 plate armour of Rotation {Dex+3 Int-2 Curse} (Okawaru gifted it to you on level 4 of the Orcish Mines)
 27009 | D:15     | Entered Level 15 of the Dungeon
 27029 | D:15     | Reached skill level 15 in Transmutations
 27793 | D:15     | Found a staircase to the Depths.
 28189 | Elf:1    | Entered Level 1 of the Elven Halls
 28204 | Elf:1    | Reached skill level 11 in Spellcasting
 28787 | Elf:1    | Received a gift from Okawaru
 28809 | Elf:1    | Identified a +0 pair of boots of jumping (Okawaru gifted it to you on level 1 of the Elven Halls)
 29151 | Orc:4    | Bought a scroll of summoning for 152 gold pieces
 29364 | D:11     | Bought a book of Party Tricks for 700 gold pieces
 29367 | D:11     | Learned a level 1 spell: Apportation
 29370 | D:11     | Learned a level 2 spell: Blink
 30274 | Spider:1 | Entered Level 1 of the Spider Nest
 30297 | Spider:1 | Reached skill level 1 in Translocations
 30427 | Spider:2 | Reached skill level 1 in Bows
 30523 | Spider:2 | Reached skill level 2 in Translocations
 30542 | Spider:2 | Reached XP level 17. HP: 88/88 MP: 27/36
 30656 | Spider:1 | Reached skill level 2 in Bows
 30785 | Spider:2 | Reached skill level 3 in Bows
 30818 | Spider:2 | Reached skill level 12 in Spellcasting
 31103 | Spider:1 | Reached skill level 4 in Bows
 31224 | Spider:1 | Reached skill level 5 in Bows
 31614 | Spider:3 | Reached skill level 16 in Transmutations
 31631 | Spider:3 | Noticed magipi's ghost (powerful VSBe)
 31636 | Spider:3 | Killed magipi's ghost
 31636 | Spider:3 | Received a gift from Okawaru
 31900 | Spider:4 | Noticed Arachne
 31984 | Spider:3 | Got a smoking jade amulet
 32248 | Spider:4 | Reached skill level 6 in Bows
 32268 | Spider:4 | Noticed Donald
 32268 | Spider:4 | Received a gift from Okawaru
 32269 | Spider:4 | Got a fine buckler {god gift}
 32278 | Spider:4 | Killed Donald
 32280 | Spider:4 | Reached skill level 13 in Spellcasting
 32310 | Spider:4 | Killed Arachne
 32515 | Spider:4 | Noticed Agnes
 32519 | Spider:4 | Killed Agnes
 32722 | Spider:4 | Identified the amulet "Puneopne" {Inacc Str-1 Dex+4 Int+2} (You found it on level 3 of the Spider Nest)
 32833 | Spider:4 | Reached XP level 18. HP: 57/92 MP: 20/38
 33006 | Spider:4 | Learned a level 2 spell: Sublimation of Blood
 33015 | Spider:4 | Learned a level 4 spell: Petrify
 33025 | Spider:5 | Entered Level 5 of the Spider Nest
 33343 | Spider:5 | Reached skill level 17 in Transmutations
 33459 | Spider:5 | Noticed Kirke
 33471 | Spider:5 | Killed Kirke
 33471 | Spider:5 | Reached skill level 1 in Necromancy
 33508 | Spider:5 | Reached skill level 14 in Spellcasting
 33535 | Spider:5 | Reached skill level 2 in Necromancy
 33545 | Spider:5 | Received a gift from Okawaru
 33733 | Spider:5 | Received a gift from Okawaru
 33735 | Spider:5 | Got a smoking cloak {god gift}
 33756 | Spider:5 | Noticed Mara
 33759 | Spider:5 | Noticed glosham's illusion
 33765 | Spider:5 | Killed Mara
 33765 | Spider:5 | Reached skill level 3 in Necromancy
 33812 | Spider:5 | Reached skill level 3 in Translocations
 33846 | Spider:5 | Blown up by an orb spider

Action                   |  1- 3 |  4- 6 |  7- 9 | 10-12 | 13-15 | 16-18 || total
-------------------------+-------+-------+-------+-------+-------+-------++-------
Melee: Unarmed           |   214 |   247 |   334 |   873 |  1091 |   888 ||  3647
       Long sword        |       |       |     8 |       |       |       ||     8
 Fire: Longbow           |       |       |       |       |       |    30 ||    30
Throw: Tomahawk          |       |     2 |     1 |       |       |       ||     3
       Javelin           |       |       |     1 |     7 |     6 |       ||    14
 Cast: Beastly Appendage |       |       |       |     3 |       |       ||     3
       Blade Hands       |       |       |       |    13 |   177 |    38 ||   228
       Ice Form          |       |       |       |     2 |       |       ||     2
       Spider Form       |       |       |       |     1 |       |       ||     1
       Dragon Form       |       |       |       |       |       |    62 ||    62
       Apportation       |       |       |       |       |       |    10 ||    10
       Sublimation of Bl |       |       |       |       |       |     3 ||     3
       Petrify           |       |       |       |       |       |     2 ||     2
Invok: Heroism           |       |       |     4 |    10 |    15 |     8 ||    37
       Finesse           |       |       |       |       |     1 |     6 ||     7
 Abil: End Transformatio |       |       |       |     5 |    34 |    43 ||    82
       Breathe Fire      |       |       |       |       |       |    19 ||    19
Evoke: Wand              |       |       |     6 |    14 |    11 |    19 ||    50
       Fan of gales      |       |       |       |       |     1 |       ||     1
  Use: Scroll            |     4 |     4 |    11 |    12 |     9 |    16 ||    56
       Potion            |       |     1 |     1 |       |       |     1 ||     3
 Stab: Sleeping          |       |     1 |     1 |     6 |    12 |     5 ||    25
       Confused          |       |       |       |     2 |       |       ||     2
       Distracted        |       |       |       |     1 |     1 |     3 ||     5
       Fleeing           |       |       |       |       |     2 |       ||     2
       Paralysed         |       |       |       |       |       |     3 ||     3
       Invisible         |       |       |       |       |       |     1 ||     1
  Eat: Chunk             |     3 |     6 |    11 |    28 |    76 |    68 ||   192
       Pizza             |       |       |       |       |     1 |     2 ||     3
       Fruit             |       |       |       |       |     2 |     6 ||     8
       Royal jelly       |       |       |       |       |     1 |       ||     1
       Beef jerky        |       |       |       |       |       |     3 ||     3

Table legend:
 A = Turns spent in this place as a percentage of turns spent in the entire game.
 B = Non-inter-level travel turns spent in this place as a percentage of non-inter-level travel turns spent in the entire game.
 C = Inter-level travel turns spent in this place as a percentage of turns spent in this place.
 D = Turns resting spent in this place as a percentage of non-inter-level travel turns spent in this place.
 E = Turns spent auto-exploring this place as a percentage of non-inter-level travel turns spent in this place.
 F = Non-inter-level travel turns spent in this place divided by the number of levels of this place that you've seen.
                   A       B       C       D       E      F
               +-------+-------+-------+-------+-------+----------------------
         Total | 100.0 | 100.0 |   0.7 |   0.4 |   0.2 | 750.2
       Dungeon |  44.2 |  44.1 |   0.9 |   0.5 |   0.2 | 750.3
  Orcish Mines |  11.1 |  11.0 |   1.2 |   0.4 |   0.4 | 703.5
   Elven Halls |   2.9 |   2.9 |   0.8 |   0.8 |   0.1 | 745.0
          Lair |  27.0 |  27.1 |   0.4 |   0.2 |   0.2 | 863.2
   Spider Nest |  12.9 |  13.0 |   0.2 |   0.3 |   0.0 | 663.0
      Ice Cave |   1.8 |   1.9 |   0.0 |   0.0 |   0.0 | 472.0
               +-------+-------+-------+-------+-------+----------------------

Table legend:
 A = Kills in this place as a percentage of kills in entire the game.
 B = Kills by you in this place as a percentage of kills by you in the entire game.
 C = Kills by friends in this place as a percentage of kills by friends in the entire game.
 D = Other kills in this place as a percentage of other kills in the entire game.
 E = Experience gained in this place as a percentage of experience gained in the entire game.
 F = Experience gained in this place divided by the number of levels of this place that you have seen.
                   A       B       C       D       E      F
               +-------+-------+-------+-------+-------+----------------------
         Total | 100.0 | 100.0 | 100.0 |  -nan | 100.0 | 8354.9
       Dungeon |  37.4 |  37.4 |   0.0 |  -nan |  23.3 | 4421.0
  Orcish Mines |  15.4 |  15.4 |   0.0 |  -nan |   5.1 | 3646.2
   Elven Halls |   2.4 |   2.4 |   0.0 |  -nan |   4.8 | 13608.0
          Lair |  23.5 |  23.4 | 100.0 |  -nan |  24.4 | 8660.2
   Spider Nest |  18.2 |  18.2 |   0.0 |  -nan |  37.6 | 21345.8
      Ice Cave |   3.2 |   3.2 |   0.0 |  -nan |   4.8 | 13548.0
               +-------+-------+-------+-------+-------+----------------------

Vault maps used:
D:1:      dpeg_arrival_rooms_with_view, serial_park_tiny_2
D:2:      trog_three_pillars_becter
D:3:      minmay_misc_feat_nine_boxes, nicolae_tso_carved_into_rock
D:4:      gammafunk_temple_overflow_claw, first_bread
D:5:      sigmund_army
D:6:      minmay_temple_entry_fiery, xom_confusion_cloud
D:7:      grunt_livestock, grunt_decor_mini_mirrors, minmay_misc_feat_chi
D:8:      uniq_duvessa, uniq_blork_the_orc
D:9:      beetle_altar_2, bloody_makhleb, minmay_orc_entry_temple_small
D:10:     david_lair_shrubbed, minmay_variable_closet, uniq_urug
D:11:     serial_shops, shop, uniq_psyche
D:12:     minmay_dotted_concentric_squares, david_orc_2
D:13:     grunt_vaults_entry_tiered, grunt_ministairs_3, uniq_nessos
D:14:     nrook_uturn, serial_shops, nicolae_shop_behind_doors
D:15:     grunt_enter_depths_magical_seal, serial_undead, serial_undead_c,
          serial_undead_b, serial_undead_a, serial_undead_f, dk_noncrumbling_2
Orc:1:    uniq_edmund
Orc:2:    serial_shops, shop, portal_ice_cave_entry_pillars_02
Orc:3:    nicolae_orc_pool_cavern, lemuel_statue_altar
Orc:4:    minmay_goldmine, special_room, st_orc_elflike
Elf:1:    elf_arrival_001, spider_trap, lemuel_flamethrower_1,
          grunt_megastairs_5
Lair:1:   basic_altar
Lair:3:   ice2_lemuel
Lair:4:   nicolae_spider_entry_non_spiders
Lair:5:   beast_lair_carwin_6, lemuel_fruit_tree, infiniplex_staircase_pool,
          grunt_megastairs_4, uniq_fannar
Lair:6:   boulder_quad_collide, minmay_shoals_entry_beasts, spider_nest_entry_a,
          slime_altar_1, lemuel_oklob_altar
Lair:7:   uniq_erica, uniq_maud
Lair:8:   minmay_lair_end_enchanted_forest
Spider:1: guppyfry_spider_mini_3
Spider:3: hangedman_spider_trapstep, nicolae_spider_cling_halls
Spider:4: nicolae_orb_stairs_large, uniq_arachne, uniq_agnes, uniq_donald
Spider:5: grunt_spider_rune_parallel, uniq_kirke, uniq_mara
IceCv:    ice_cave_caverns_03
